[Event "*** Titled Tuesday 3|2 Blitz"]
[Site "Chess.com"]
[Date "2017.05.02"]
[Round "8"]
[White "platy3"]
[Black "Drags95"]
[Result "1-0"]
[WhiteElo "2639"]
[BlackElo "2538"]
[TimeControl "180+2"]
[EndTime "14:47:01 PDT"]
[Termination "platy3 won by resignation"]

1. e4 e5 2. Nf3 Nf6 3. Nxe5 d6 4.
Nf3 Nxe4 5. d4 d5 6. Bd3 Nc6 7. O-O Be7 8. c4 O-O 9. Nc3 Nxc3 10. bxc3 dxc4 11. Bxc4 Bf5 12. Re1 Bf6 13. Bf4 Qd7 14.
h3 Rfe8 15. Qa4 a6 16. Bb3 b5 17. Qa3 Be4 18. Ne5 Bxe5 19. Rxe4 b4 20. Qa4 Bf6 21. Rxe8+ Rxe8 22. d5 Bxc3 23. dxc6 Qd4 24. Bxc7 Bxa1 25. Bg3 Qc5 26. c7 Re1+ 27. Kh2 Qc1 28. Bd1 g6 29.
Qd7 Rxd1 30. c8=Q+ Kg7 31. Qxc1 Rxc1 32. Qd6 a5 33.
Be5+ 1-0

[Event "*** Titled Tuesday 3|2 Blitz"]
[Site "Chess.com"]
[Date "2017.05.02"]
[Round "8"]
[White "Rating-Schmating"]
[Black "cailinchetty"]
[Result "0-1"]
[WhiteElo "2185"]
[BlackElo "1940"]
[TimeControl "180+2"]
[EndTime "14:47:04 PDT"]
[Termination "cailinchetty won by checkmate"]

1. e4 c5 2. Nf3 Nc6 3. d4 cxd4 4. Nxd4 g6 5. Nxc6 bxc6 6. Qd4 Nf6 7. e5 Ng8 8. e6 Nf6 9. exf7+ Kxf7 10. c4 Bg7 11.
Nc3 d5 12. cxd5 cxd5 13. Bg5 e5 14. Qd2 Be6 15. Bd3 d4 16. Ne4 Bf5 17. Bc4+ Ke8 18. Bb5+ Kf7 19. Bc4+ Ke8 20. Nxf6+ Bxf6 21. Bxf6 Qxf6 22. O-O Kf8 23. Qb4+ Kg7 24. Qb7+ Kh6 25. f4 e4 26. Bd5 Rab8 27. Qxa7 Rhd8 28. g4 Bxg4 29.
Bxe4 Rxb2 30. Qc7 Qh4 31. f5 gxf5 32. Qc6+ Kg7 33. Bg2 Qf6 34. Qc7+ Kg6 35. Rae1 Rd6 36. Re8 d3 37. Rg8+ Kh6 38. Qc1+ d2 39. Qc4 d1=Q 40. Qf4+ Kh5 41. Kh1 Qd2 42. Rg1 Qxf4 43. Re8 Rdd2 44. h3 Qh4 45. Re3 Qxe3 46. a4 Qexh3+ 47. Bxh3 Qxh3# 0-1

[Event "*** Titled Tuesday 3|2 Blitz"]
[Site "Chess.com"]
[Date "2017.05.02"]
[Round "8"]
[White "bancsoo"]
[Black "yurisolo"]
[Result "0-1"]
[WhiteElo "2587"]
[BlackElo "2540"]
[TimeControl "180+2"]
[EndTime "14:47:08 PDT"]
[Termination "yurisolo won by resignation"]

1. Nf3 c5 2. c4 Nf6 3. Nc3 e6 4.
g3 b6 5. Bg2 Bb7 6. O-O Be7 7.
d4 cxd4 8. Qxd4 O-O 9. Rd1 d6 10. b3 Nbd7 11. Bb2 a6 12. e4 Qc7 13. Qe3 Rfe8 14.
h3 Bf8 15. Rac1 Rad8 16. Nh2 Qb8 17. Ng4 Be7 18. Qf4 Nxg4 19. Qxg4 Nf6 20. Qe2 Rc8 21.
Kh2 h6 22. Re1 Ba8 23. f4 Nd7 24. Rcd1 Rcd8 25. Bf3 Bc6 26. Rc1 Rc8 27. Rc2 b5 28.
cxb5 axb5 29. Rec1 Bf6 30. Ba3 b4 31. Nd1 Bxe4 32.
Rxc8 Rxc8 33. Rxc8+ Qxc8 34. Bxb4 Bxf3 35. Qxf3 Qc2+ 36.
Nf2 Qxa2 37. Bxd6 Bd4 38. Kg2 Qd2 39. b4 Bxf2 0-1

[Event "*** Titled Tuesday 3|2 Blitz"]
[Site "Chess.com"]
[Date "2017.05.02"]
[Round "8"]
[White "saraswathii"]
[Black "pedromartinez91"]
[Result "1-0"]
[WhiteElo "2245"]
[BlackElo "2303"]
[TimeControl "180+2"]
[EndTime "14:47:16 PDT"]
[Termination "saraswathii won by resignation"]

1. e4 c5 2. Nf3 Nc6 3. d3 g6 4. g3 Bg7 5. Bg2 d6 6. O-O Bg4 7. c3 e6 8. h3 Bxf3 9. Qxf3 Nge7 10.
Be3 O-O 11. Na3 Rc8 12. Nc2 b5 13. a3 a5 14. d4 cxd4 15. cxd4 d5 16. Qe2 dxe4 17.
Bxe4 b4 18. axb4 axb4 19. Rfd1 b3 20. Na3 Nd5 21. Qd3 Rb8 22. Nc4 Ncb4 23. Qxb3 Nxe3 24. Qxe3 Nd5 25. Qe2 Rb4 26. Ne5 Qd6 27. Ra6 Rxb2 28. Qxb2 Qxa6 29. Bxd5 exd5 30. Nd7 Re8 31. Nc5 Qc4 32.
Qd2 h5 33. Qf4 Re2 34. Qb8+ Kh7 35. Qf4 Qc2 36. Rf1 Kg8 37. Qb8+ Bf8 38. Nd7 Qf5 39. Qxf8+ Kh7 40. Ne5 Re4 41. Nxf7 Qf6 42. Qh6+ Kg8 43.
Ng5 Re7 44. h4 Rg7 45. Re1 Qe7 46. Rxe7 1-0

[Event "*** Titled Tuesday 3|2 Blitz"]
[Site "Chess.com"]
[Date "2017.05.02"]
[Round "8"]
[White "JusticeBot"]
[Black "djano"]
[Result "1-0"]
[WhiteElo "2487"]
[BlackElo "2354"]
[TimeControl "180+2"]
[EndTime "14:47:17 PDT"]
[Termination "JusticeBot won on time"]

1. e4 e6 2. d4 d5 3. Nd2 dxe4 4.
Nxe4 Nd7 5. Bd3 Ngf6 6. Qe2 c5 7. Nf3 cxd4 8. Nxd4 Nxe4 9. Qxe4 Nc5 10. Bb5+ Bd7 11. Bxd7+ Qxd7 12. Qe3 O-O-O 13. c3 e5 14. O-O exd4 15. cxd4 Qxd4 16. Qh3+ Qd7 17. Qc3 Qd3 18. Qa5 Qa6 19. Qc3 Kb8 20. Bf4+ Ka8 21. Rac1 Be7 22. Qxg7 Nd3 23. Rc7 Nxf4 24. Rxe7 Qxf1+ 25. Kxf1 Rhg8 26. Qxf7 Rgf8 27. Qb3 Rb8 28. Re4 Ng6 29. Ra4 Rf6 30. g3 Rbf8 31. f4 a6 32. Re4 Rc6 33. Kg2 Rd8 34. Rc4 Rxc4 35. Qxc4 Rd2+ 36. Kh3 Rxb2 37. Qg8+ Ka7 38. Qxh7 Rb6 39. f5 Nf8 40. Qg7 1-0

[Event "*** Titled Tuesday 3|2 Blitz"]
[Site "Chess.com"]
[Date "2017.05.02"]
[Round "8"]
[White "AkshatChandra"]
[Black "Indianlad"]
[Result "1-0"]
[WhiteElo "2759"]
[BlackElo "2647"]
[TimeControl "180+2"]
[EndTime "14:47:25 PDT"]
[Termination "AkshatChandra won by resignation"]

1. d4 d5 2. Nf3 e6 3. c4 a6 4.
cxd5 exd5 5. Nc3 Be7 6. Bf4 Nf6 7. h3 O-O 8. e3 b6 9. Bd3 Bb7 10. O-O Bd6 11. Bxd6 Qxd6 12. Rc1 Nbd7 13. Ne2 c5 14. Ng3 g6 15. Re1 Rfe8 16. b3 Qe7 17. Rc2 Ne4 18. Ne2 Ndf6 19. Nc3 Rac8 20. Qc1 c4 21. bxc4 dxc4 22. Bxe4 Nxe4 23. Nxe4 Bxe4 24.
Rxc4 Qb7 25. Rxc8 Rxc8 26. Qd1 Qd5 27. a3 Rc3 28. a4 b5 29. axb5 axb5 30. Nd2 Bc2 31. Qa1 b4 32. Rc1 Qc6 33. Qb2 Qa4 34. d5 Rc8 35. Ne4 b3 36. Nf6+ Kf8 37. d6 Rd8 38.
Nd5 Ke8 39. Qe5+ Kd7 40. Nb6+ 1-0

[Event "*** Titled Tuesday 3|2 Blitz"]
[Site "Chess.com"]
[Date "2017.05.02"]
[Round "8"]
[White "vpantev"]
[Black "GMAkobianSTL"]
[Result "1/2-1/2"]
[WhiteElo "2473"]
[BlackElo "2593"]
[TimeControl "180+2"]
[EndTime "14:47:33 PDT"]
[Termination "Game drawn - insufficient material"]

1. d4 Nf6 2. Nf3 b6 3. Bf4 Bb7 4. e3 e6 5. Be2 c5 6. c3 Be7 7. O-O O-O 8. h3 d6 9. Nbd2 Nbd7 10. Nc4 Ne4 11. dxc5 Ndxc5 12. Ncd2 e5 13. Bh2 f5 14. Bc4+ d5 15. Be2 Nxd2 16. Qxd2 e4 17. Nd4 Bd6 18. Bf4 g5 19. Bxd6 Qxd6 20. f4 exf3 21.
Bxf3 Rae8 22. Rae1 Ba6 23. Rf2 Nd3 24. Nc2 Nxf2 25.
Qxd5+ Qxd5 26. Bxd5+ Kg7 27. Kxf2 Rd8 28. c4 Rd6 29.
Nd4 Kf6 30. b3 Bc8 31. a4 a6 32. g3 Rfd8 33. Ke2 h5 34. h4 gxh4 35. gxh4 f4 36.
Rf1 Bg4+ 37. Kd3 f3 38. Bxf3 Bxf3 39. Rxf3+ Kg6 40. Rg3+ Kh6 41. Rg5 Rf8 42. a5 bxa5 43. Rxa5 Kg6 44. Rg5+ Kh6 45. b4 Rb8 46. c5 Rd7 47. Kc4 Rdb7 48. Nc6 Rc8 49. Ne5 Rcb8 50. Nd3 Re7 51. c6 Re4+ 52. Kd5 Rxe3 53. Nf4 Rb5+ 54. Kd6 Rxg5 55. hxg5+ Kxg5 56. Ne6+ Kf6 57. Nc5 Re8 58. Kd7 Rh8 59. c7 h4 60. c8=Q Rxc8 61. Kxc8 h3 62. Nd3 h2 63. Nf2 Ke5 64. Ng4+ Kd5 65. Nxh2 Kc4 66.
Kb7 Kxb4 67. Kxa6 1/2-1/2

[Event "*** Titled Tuesday 3|2 Blitz"]
[Site "Chess.com"]
[Date "2017.05.02"]
[Round "8"]
[White "Blitzstream"]
[Black "LawrenceTrent"]
[Result "1-0"]
[WhiteElo "2470"]
[BlackElo "2413"]
[TimeControl "180+2"]
[EndTime "14:47:44 PDT"]
[Termination "Blitzstream won by resignation"]

1. g3 g6 2. Bg2 Bg7 3. d3 Nf6 4.
b3 O-O 5. Bb2 c5 6. e3 Nc6 7.
Ne2 d5 8. Nd2 e5 9. h3 Be6 10.
O-O Nd7 11. c4 d4 12. a3 a5 13. exd4 exd4 14. Nf4 Re8 15. Nxe6 Rxe6 16. Bc1 Qe7 17. Bd5 Re5 18. Nf3 Rh5 19. Re1 Qd8 20. g4 Rxd5 21.
cxd5 Nce5 22. Nxe5 Nxe5 23. Bf4 Qxd5 24. Bxe5 Bxe5 25.
Qe2 Bd6 26. Rab1 Rd8 27. Qe4 Qg5 28. Rf1 b6 29. f4 Qh4 30. Kg2 Kg7 31. Rf3 Rd7 32.
f5 f6 33. Qe6 Rd8 34. Re1 g5 35. Re2 h5 36. Qe4 Be5 37. gxh5 Qxh5 38. Qg4 Qxg4+ 39.
hxg4 a4 40. bxa4 Ra8 41. Rh3 Rxa4 42. Kf3 Rxa3 43. Ke4 c4 44. Rc2 c3 45. Rc1 Ra8 46.
Rch1 Rg8 47. Rh7+ Kf8 48. Ra1 Rg7 49. Ra8+ Ke7 50. Rxg7+ Kd6 51. Rc8 b5 52. Rb7 1-0

[Event "*** Titled Tuesday 3|2 Blitz"]
[Site "Chess.com"]
[Date "2017.05.02"]
[Round "8"]
[White "TheNextLevelFan"]
[Black "Storne89"]
[Result "0-1"]
[WhiteElo "2400"]
[BlackElo "2504"]
[TimeControl "180+2"]
[EndTime "14:47:45 PDT"]
[Termination "Storne89 won by resignation"]

1. d4 Nf6 2. c4 c5 3. d5 b5 4. Qc2 bxc4 5. e4 d6 6. Bxc4 g6 7. Nf3 Bg7 8. O-O O-O 9. h3 Nbd7 10.
Bf4 Nb6 11. Nbd2 Bb7 12. Rab1 a5 13. b3 Qc7 14. Bd3 Ba6 15. Rfc1 Bxd3 16. Qxd3 Qa7 17. Nc4 Qa6 18. Qe3 a4 19. Nxb6 Qxb6 20. b4 Rab8 21.
b5 Qa5 22. Qd3 Nd7 23. Nd2 Nb6 24. Bg5 Qa7 25. Nc4 Nxc4 26. Qxc4 Rfe8 27. h4 Bd4 28. h5 f6 29. Bd2 g5 30. Bc3 Be5 31. Bxe5 fxe5 32.
Rc3 Qa5 33. Ra3 Rf8 34. Qe2 Rf6 35. h6 Rxh6 36. Rg3 Rg6 37. Qh5 Rxb5 38. Rd1 Qd8 39. Rxg5 Qe8 40. Qh4 Rb2 41. Rd3 Qf7 42. Rf3 Qg7 43.
Rfg3 Rxa2 44. Rxg6 hxg6 45. Qg4 Ra1+ 46. Kh2 Qh6+ 47.
Rh3 Qf4+ 48. Qxf4 exf4 49. Rc3 a3 50. Kh3 a2 0-1

[Event "*** Titled Tuesday 3|2 Blitz"]
[Site "Chess.com"]
[Date "2017.05.02"]
[Round "8"]
[White "NewBornNow"]
[Black "severomorskij"]
[Result "0-1"]
[WhiteElo "2555"]
[BlackElo "2680"]
[TimeControl "180+2"]
[EndTime "14:47:49 PDT"]
[Termination "severomorskij won by resignation"]

1. e4 c5 2. Nf3 Nc6 3. d3 g6 4. g3 Bg7 5. Bg2 Nf6 6. O-O O-O 7.
c3 e5 8. Na3 d5 9. exd5 Nxd5 10. Re1 h6 11. Nc4 Re8 12. Nfd2 Nb6 13. Ne4 Nxc4 14. dxc4 Qe7 15. Qd6 Qxd6 16. Nxd6 Rd8 17.
Ne4 Bf8 18. Nf6+ Kg7 19. Nd5 f5 20. Be3 Bd6 21. Rab1 Be6 22. b4 cxb4 23. cxb4 e4 24. b5 Bxd5 25. cxd5 Ne7 26. f3 exf3 27. Bxf3 Rac8 28.
Bxa7 Kf7 29. Bb6 Bc5+ 30. Bxc5 Rxc5 31. a4 b6 32. a5 bxa5 33. b6 a4 34. b7 Rb8 35. d6 Nc6 36. Rec1 Rxc1+ 37. Rxc1 Ne5 38. Bd5+ Kf6 39. Rc8 Nd7 40. Bc6 a3 41. Bxd7 a2 42. Rc1 Rxb7 43. Bb5 Rxb5 44. d7 Ke7 0-1

[Event "*** Titled Tuesday 3|2 Blitz"]
[Site "Chess.com"]
[Date "2017.05.02"]
[Round "8"]
[White "Alexander_Moskalenko"]
[Black "iturrizaga"]
[Result "1-0"]
[WhiteElo "2690"]
[BlackElo "2672"]
[TimeControl "180+2"]
[EndTime "14:48:03 PDT"]
[Termination "Alexander_Moskalenko won by resignation"]

1. e4 c5 2. Nf3 g6 3. d4 cxd4 4.
Nxd4 Nc6 5. Nc3 Bg7 6. Be3 Nf6 7. Bc4 O-O 8. Bb3 a5 9. O-O d6 10. Ndb5 b6 11. a4 Ba6 12. Re1 Nd7 13. Qd2 Nc5 14. Bd5 Rc8 15. Bxc6 Rxc6 16. Bh6 Bxb5 17. axb5 Rc8 18.
Bxg7 Kxg7 19. Re3 h5 20. f4 e6 21. Rf1 f5 22. Rfe1 Qd7 23. Kh1 Kh7 24. Qf2 Rf6 25. e5 dxe5 26. Rxe5 Rd8 27. h3 Rf7 28. b3 Qd4 29.
Qf3 Rfd7 30. Na4 Nxa4 31. bxa4 Qxa4 32. Rxe6 Qxb5 33. Re7+ Rxe7 34. Rxe7+ Kg8 35. Qg3 Qc6 36. Qb3+ Qd5 37. Qxb6 Qd1+ 38. Kh2 Qd6 39. Qb3+ Qd5 40. Qb6 Rd6 41. Qb8+ Rd8 42. Qb6 Rd6 43. Qc7 Rf6 1-0

[Event "*** Titled Tuesday 3|2 Blitz"]
[Site "Chess.com"]
[Date "2017.05.02"]
[Round "8"]
[White "RitvarsReimanis"]
[Black "grzechu96"]
[Result "0-1"]
[WhiteElo "2438"]
[BlackElo "2398"]
[TimeControl "180+2"]
[EndTime "14:48:11 PDT"]
[Termination "grzechu96 won by resignation"]

1. d4 Nf6 2. c4 g6 3. f3 d5 4.
cxd5 Nxd5 5. e4 Nb6 6. Nc3 Bg7 7.
Be3 O-O 8. Qd2 e5 9. d5 c6 10. O-O-O cxd5 11. exd5 N8d7 12. h4 Nf6 13. g4 Bd7 14. h5 Rc8 15. Kb1 Na4 16. hxg6 Nxc3+ 17. bxc3 fxg6 18. Bh6 Bxh6 19. Rxh6 e4 20. g5 Nh5 21. Ka1 exf3 22. Bd3 Bf5 23. Nxf3 Qxd5 24. Bxf5 Qxf5 25.
Nd4 Qf2 26. Qd3 Rfe8 27. Nb5 Qc5 28. Rh1 Qxg5 29. R1xh5 Qc1+ 30. Qb1 Qxb1+ 31. Kxb1 gxh5 32. Rxh5 a6 33. Nd6 Re1+ 34. Kb2 Rc6 35. Rg5+ Kf8 36.
Rf5+ Ke7 37. Nf7 Rf6 38. Re5+ Rxe5 39. Nxe5 h5 40. Kc2 h4 41. Ng4 h3 42. Kd3 Rf4 43.
Ne3 h2 44. Nd5+ Kd6 45. Nxf4 h1=Q 46. Ne2 Qb1+ 47. Kd4 Qxa2 48. Nf4 Qf2+ 49. Ke4 Qxf4+ 50. Kxf4 Kc5 51. Ke3 Kc4 52. Kd2 Kb3 53. Kd3 a5 54.
c4 a4 55. c5 a3 56. Kd4 a2 57. Kd5 a1=Q 58. Kd6 Qa4 0-1

[Event "*** Titled Tuesday 3|2 Blitz"]
[Site "Chess.com"]
[Date "2017.05.02"]
[Round "8"]
[White "chessking2151"]
[Black "GamayevOleg"]
[Result "0-1"]
[WhiteElo "2351"]
[BlackElo "2427"]
[TimeControl "180+2"]
[EndTime "14:48:15 PDT"]
[Termination "GamayevOleg won by resignation"]

1. e4 d6 2. d4 Nf6 3. Nc3 g6 4.
f4 Bg7 5. Nf3 O-O 6. Be3 Nc6 7.
Qd2 e5 8. d5 exf4 9. Bxf4 Ne5 10. O-O-O Nfd7 11. Kb1 Re8 12. Bb5 a6 13. Ba4 b5 14.
Bb3 Nc5 15. Rhe1 Bd7 16. a3 Qb8 17. Be3 b4 18. axb4 Nxb3 19. cxb3 Qxb4 20. Qc2 Rab8 21. Nd2 a5 22. Na2 Qb5 23. Nc3 Qb4 24. Na2 Qb7 25.
h3 a4 26. b4 f5 27. Rc1 fxe4 28.
Nxe4 Bf5 29. Bd2 Nd7 30. g4 Bxe4 31. Rxe4 Rxe4 32. Qxe4 Nb6 33. Qe6+ Kh8 34. Bc3 Bxc3 35. Nxc3 Rf8 36. Qe7 Rf2 37. Re1 Nxd5 38. Qe8+ Kg7 39.
Qd7+ Rf7 40. Qxa4 Nxc3+ 41. bxc3 Qf3 42. Qc2 Qxh3 43. g5 Qg4 44. Qb2 Qxg5 45. c4+ Qf6 46. Qxf6+ Kxf6 47. Kc2 h5 48. Rf1+ Kg7 49. Rg1 Kh6 50.
Kd3 g5 51. Re1 h4 52. Re6+ Kh5 53. Re8 h3 54. Rh8+ Kg4 55. Ke2 Kg3 56. Rh5 g4 57. Ke3 h2 58. Ke2 Kg2 0-1

[Event "*** Titled Tuesday 3|2 Blitz"]
[Site "Chess.com"]
[Date "2017.05.02"]
[Round "8"]
[White "Rodalquilar"]
[Black "DrVitman"]
[Result "1-0"]
[WhiteElo "2544"]
[BlackElo "2592"]
[TimeControl "180+2"]
[EndTime "14:48:24 PDT"]
[Termination "Rodalquilar won on time"]

1. d4 d5 2. Bf4 e6 3. e3 Bd6 4.
Bg3 c5 5. c3 Nc6 6. Nf3 Nge7 7.
Bd3 b6 8. Nbd2 Bb7 9. O-O Bxg3 10. hxg3 O-O 11. Qe2 g6 12. Rad1 cxd4 13. exd4 Qc7 14. Qe3 Kg7 15. Rfe1 Ng8 16. Qg5 Qd8 17. Qf4 Qf6 18.
Qc7 Qe7 19. Qf4 Qf6 20. Qc7 Qe7 21. Qf4 Qf6 22. Qe3 a5 23. g4 Ba6 24. g5 Qd8 25. Bb1 Nge7 26. Qf4 Rc8 27. Nh2 Nf5 28. Ng4 Qc7 29.
Qf3 Qd8 30. Nf6 h6 31. Bxf5 exf5 32. gxh6+ Kxf6 33. c4 Ne7 34. cxd5 Qxd5 35. Ne4+ Qxe4 36. Rxe4 Bb7 37. Qg3 Bxe4 38. Qe5+ Kg5 39. Qxe7+ Kxh6 40. f3 Ba8 41. d5 Kg7 42. Qe5+ f6 43. Qd4 Rb8 44.
d6 Rf7 45. Rc1 Rd8 46. Qxb6 Rfd7 47. Rc7 Kf7 48. Qxa5 Bb7 49. Rxb7 1-0

[Event "*** Titled Tuesday 3|2 Blitz"]
[Site "Chess.com"]
[Date "2017.05.02"]
[Round "8"]
[White "Vamostodorecto"]
[Black "scrapnel"]
[Result "0-1"]
[WhiteElo "2329"]
[BlackElo "2475"]
[TimeControl "180+2"]
[EndTime "14:48:38 PDT"]
[Termination "scrapnel won by resignation"]

1. d4 Nf6 2. c4 e6 3. Nc3 Bb4 4.
a3 Bxc3+ 5. bxc3 c5 6. f3 O-O 7. e4 Ne8 8. Bd3 Nc6 9. Ne2 b6 10. Ng3 cxd4 11. cxd4 Nxd4 12. Bb2 Nc6 13. O-O Ba6 14.
f4 f6 15. Qg4 Qe7 16. Kh1 Na5 17. Rac1 Rc8 18. Qe2 Nb3 19. Rcd1 Nc5 20. Bb1 Na4 21. Bd3 Nxb2 22. Qxb2 Bxc4 23. Bxc4 Rxc4 24. e5 f5 25. Qb5 Rc6 26. Qa6 d5 27. Ne2 Rc4 28.
Nd4 g6 29. Nb5 Ng7 30. Rc1 Rc5 31. Qxa7 Qxa7 32. Nxa7 h6 33. Nc6 g5 34. fxg5 hxg5 35. Nd4 Ra8 36. Rb1 Ra6 37. h3 Kf7 38. Nf3 Kg6 39.
Rfe1 f4 40. Nd4 Rc4 41. Nb5 Nf5 42. Nd6 Rc2 43. Rb3 Ne3 44. Rg1 Ra2 45. Nb5 Nc4 46. Nd4 Kf7 47. Re1 R6xa3 48. Rxa3 Rxa3 49. Nf3 Kg6 50. Nd4 Re3 51. Rd1 Rxe5 52. Nc6 Re2 53. Kg1 Rxg2+ 54.
Kf1 Ne3+ 55. Ke1 Rg1+ 0-1

[Event "*** Titled Tuesday 3|2 Blitz"]
[Site "Chess.com"]
[Date "2017.05.02"]
[Round "8"]
[White "PowerThinking2650"]
[Black "Olkaa"]
[Result "0-1"]
[WhiteElo "2178"]
[BlackElo "2457"]
[TimeControl "180+2"]
[EndTime "14:48:43 PDT"]
[Termination "Olkaa won by checkmate"]

1. e4 g6 2. d4 Bg7 3. Nc3 d6 4.
f4 a6 5. Nf3 b5 6. Bd3 Nd7 7. e5 c5 8. e6 fxe6 9. Ng5 Nf8 10.
dxc5 dxc5 11. Be3 Qc7 12. O-O Bb7 13. Qg4 c4 14. Be4 Nf6 15. Nxe6 Nxe6 16. Qxe6 Nxe4 17. Nxe4 Bxe4 18. Qxe4 O-O 19. Bd4 Bxd4+ 20. Qxd4 Rad8 21. Qe3 Rd6 22. Rae1 Rf7 23. c3 Qd7 24. Re2 Rd3 25. Qe5 Qd6 26. g3 Rd5 27. Qxd6 exd6 28. Re8+ Rf8 29.
Rxf8+ Kxf8 30. Rf2 Rd1+ 31. Kg2 d5 32. Kf3 Ke7 33.
Kg4 Kf6 34. Re2 d4 35. cxd4 Rxd4 36. Kf3 Rd1 37. h3 b4 38. g4 Ra1 39. g5+ Kf7 40. Rc2 Rxa2 41. Rxc4 Rxb2 42. Rc7+ Ke6 43. Rxh7 a5 44. Rg7 a4 45. Rxg6+ Kf7 46. Rf6+ Kg7 47.
Ra6 a3 48. f5 a2 49. Ra7+ Kf8 50. f6 Rb3+ 51. Kf4 Ra3 52. Re7 a1=Q 53. Kf5 Qb1+ 54.
Kg4 Qd1+ 55. Kf5 Rxh3 56. g6 Qd3+ 57. Ke6 Re3# 0-1

[Event "*** Titled Tuesday 3|2 Blitz"]
[Site "Chess.com"]
[Date "2017.05.02"]
[Round "8"]
[White "GMBenjaminBok"]
[Black "Hikaru"]
[Result "1/2-1/2"]
[WhiteElo "2681"]
[BlackElo "2863"]
[TimeControl "180+2"]
[EndTime "14:48:48 PDT"]
[Termination "Game drawn by repetition"]

1. Nf3 d5 2. g3 g6 3. Bg2 Bg7 4. d4 Nd7 5. O-O Ngf6 6. b3 c5 7. Bb2 O-O 8. Nbd2 b6 9. c4 Bb7 10. Rc1 Rc8 11. e3 e6 12. Qe2 Qe7 13. Rfd1 Ba6 14. Ba3 Rfd8 15. e4 Nxe4 16. Nxe4 dxe4 17.
Qxe4 Qe8 18. Qe3 Bb7 19. dxc5 Nxc5 20. Nd4 Bxg2 21. Kxg2 a6 22. Ne2 Qc6+ 23. Qf3 Qxf3+ 24.
Kxf3 Nd3 25. Rb1 b5 26. cxb5 axb5 27. Nf4 Nxf4 28. Kxf4 h5 29. Ke3 Rc3+ 30. Ke2 Rc2+ 31. Kf1 Ra8 32. Bc1 Rcxa2 33. Be3 Bc3 34. Rd7 b4 35.
Kg2 Ra1 36. Rxa1 Rxa1 37. Rd8+ Kg7 38. Bd4+ e5 39. Bxc3 bxc3 40. Rc8 Rc1 41. b4 e4 42. b5 Rc2 43. Kg1 h4 44. gxh4 f5 45. b6 Rb2 46.
Rxc3 Rxb6 47. Kg2 Rd6 48. Rc8 Rd2 49. Kg3 Kf6 50. Rc6+ Ke5 51. Rc5+ Kf6 52. Rc6+ Kg7 53. Rc7+ Kh6 54. Rc8 Rd3+ 55. Kg2 Rd2 56. Kg3 Rd3+ 57.
Kg2 Kh5 58. Rh8+ Kg4 59. Rh6 f4 60. Rxg6+ Kxh4 61. Rh6+ Kg5 62. Rh8 Rd2 63. Rg8+ Kh5 64. Rh8+ Kg4 65. Rg8+ Kf5 66. Rf8+ Kg5 67. Rg8+ Kf6 68.
Rf8+ Ke5 69. Re8+ Kd4 70. Rf8 f3+ 71. Kg3 Ra2 72. Rd8+ Ke5 73. Re8+ Kf5 74. Rf8+ Kg5 75. h4+ Kg6 76. Re8 Re2 77. Re5 Kf6 78. Re8 Re1 79. Kf4 Re2 80. Rxe4 Rxf2 81. Kg3 Ra2 82. Kxf3 Kg6 83. Re5 Kh6 84. Kg4 Ra6 85. Rh5+ Kg7 86. Rg5+ Kh6 87. Rh5+ Kg7 88. Rg5+ Kh6 89. Rh5+ Kg7 90.
Rg5+ Kh6 91. Rh5+ Kg7 92. Rg5+ Kh6 93. Rh5+ 1/2-1/2

[Event "*** Titled Tuesday 3|2 Blitz"]
[Site "Chess.com"]
[Date "2017.05.02"]
[Round "8"]
[White "bilelou"]
[Black "MagnusCarlsen"]
[Result "0-1"]
[WhiteElo "2427"]
[BlackElo "2976"]
[TimeControl "180+2"]
[EndTime "14:48:49 PDT"]
[Termination "MagnusCarlsen won by resignation"]

1. e4 e5 2. Qh5 Nc6 3. Bc4 g6 4.
Qf3 Nf6 5. Ne2 Bg7 6. d3 d6 7. h3 Na5 8. Nbc3 Nxc4 9. dxc4 h6 10. b3 Be6 11. Qd3 O-O 12. g4 c6 13. g5 hxg5 14. Bxg5 Qa5 15. O-O-O b5 16. cxb5 d5 17. Kb1 d4 18. Na4 Qxb5 19. Qxb5 cxb5 20. Nc5 Rac8 21.
Nxe6 fxe6 22. f3 Nh5 23. Rd3 Rc7 24. Rf1 Kh7 25. Kb2 Bh6 26. h4 Rfc8 27. c3 a5 28. Rc1 Bg7 29. Bd2 a4 30. cxd4 exd4 31. Rxc7 Rxc7 32.
f4 e5 33. fxe5 Bxe5 34. bxa4 bxa4 35. Nxd4 Rc4 36. Bc3 Nf4 37. Rd2 Ne6 38. Ne2 Rxe4 39. Bxe5 Rxe5 40. Nc3 Kh6 41. Nxa4 Kh5 42. Rh2 Nd4 43.
Nc3 Nf3 44. Rh1 Nxh4 45. a4 g5 46. Kb3 g4 47. Kb4 g3 48. a5 g2 49. Ra1 Nf3 50.
a6 Ne1 51. a7 g1=Q 52. a8=Q Nc2+ 53. Kc4 Qc5+ 54. Kd3 Nb4+ 55. Kd2 Qe3+ 0-1

[Event "*** Titled Tuesday 3|2 Blitz"]
[Site "Chess.com"]
[Date "2017.05.02"]
[Round "8"]
[White "Vegan4future"]
[Black "Schemato"]
[Result "0-1"]
[WhiteElo "2282"]
[BlackElo "2304"]
[TimeControl "180+2"]
[EndTime "14:49:02 PDT"]
[Termination "Schemato won by resignation"]

1. e4 e6 2. Nf3 d5 3. Nc3 Nf6 4. e5 Nfd7 5. d4 c5 6. dxc5 Nc6 7. Bf4 Bxc5 8. Bd3 f6 9. exf6 Qxf6 10. Bg3 h6 11.
O-O O-O 12. Qe2 a6 13. Rae1 Nb6 14. Ne5 Nxe5 15. Bxe5 Qf7 16. Qg4 Nd7 17. Bg6 Qe7 18.
a3 Nxe5 19. Rxe5 Qf6 20. Qg3 Bd6 21. Rfe1 Bxe5 22. Rxe5 Bd7 23. Ne2 Rac8 24. c3 Rc4 25. Nd4 Rfc8 26. h4 b5 27. h5 a5 28. Re3 Rxd4 29.
cxd4 Qxd4 30. Qd6 Qa7 31. g3 Qc7 32. Qe7 Kh8 33. Rf3 Qd8 34. Qf7 e5 35. Qxd5 Bc6 36. Qxd8+ Rxd8 37. Rd3 Rxd3 38. Bxd3 Kg8 39. Kh2 b4 40.
Kh3 Kf7 41. Kh4 Bd7 42. g4 Kf6 43. Kg3 Kg5 44. f3 Bc6 45. axb4 axb4 46. Bf5 Bd5 47. Kf2 Kf4 48. Bd7 Bxf3 49. Be6 Bxg4 50. Bf7 e4 51. Bg6 e3+ 52. Ke1 Kg5 53. Be4 Bxh5 54. Bg2 Kf4 55.
Bd5 g5 56. Bg2 Bf3 57. Bf1 g4 58. Bc4 h5 59. Kf1 h4 60. Kg1 h3 61. Kh2 e2 62.
Bxe2 Bxe2 63. b3 Bd1 64. Kg1 Bxb3 65. Kh2 Bd5 66. Kg1 g3 67. Kf1 Ke3 0-1

[Event "*** Titled Tuesday 3|2 Blitz"]
[Site "Chess.com"]
[Date "2017.05.02"]
[Round "8"]
[White "supertfc"]
[Black "djogrodek1"]
[Result "1/2-1/2"]
[WhiteElo "2342"]
[BlackElo "2412"]
[TimeControl "180+2"]
[EndTime "14:49:07 PDT"]
[Termination "Game drawn - insufficient material"]

1. e4 c5 2. Nf3 d6 3. d4 cxd4 4.
Nxd4 Nf6 5. Nc3 g6 6. Be3 Bg7 7. f3 O-O 8. Qd2 Nc6 9. g4 Be6 10. Nxe6 fxe6 11. O-O-O Ne5 12. Be2 Qc8 13. Kb1 Nfd7 14.
f4 Nc4 15. Bxc4 Qxc4 16. e5 Nb6 17. Bd4 dxe5 18. fxe5 Rfd8 19. Rhe1 Rac8 20. Qd3 Qc7 21. Qe4 Nc4 22. b3 Nxe5 23. Nb5 Qa5 24. Bxe5 Qxb5 25. Bxg7 Kxg7 26. Qxe6 Rxd1+ 27. Rxd1 Rc7 28. a4 Qc5 29.
Qe4 b5 30. axb5 Qxb5 31. Rd8 Qf1+ 32. Kb2 Qf6+ 33. Kb1 Rc6 34. Rd7 Re6 35. Qd4 Qxd4 36. Rxd4 Re2 37. h4 Kf6 38. g5+ Kf5 39. Ra4 e5 40. Rxa7 e4 41. Rxh7 e3 42. Kb2 Rh2 43.
Kc3 Kf4 44. Rf7+ Kg3 45. Kd3 Rd2+ 46. Kxe3 Rxc2 47. Rh7 Rc3+ 48. Ke4 Rxb3 49. Ke5 Rb6 50. h5 gxh5 51. Rh6 Rb5+ 52. Kf6 h4 53. g6 Rb6+ 54.
Kf5 Rb5+ 55. Kf6 Rb6+ 56. Kf7 h3 57. g7 Rb7+ 58. Kg6 Rxg7+ 59. Kxg7 h2 60. Kg6 Kg2 61.
Kg5 h1=Q 62. Rxh1 Kxh1 1/2-1/2

[Event "*** Titled Tuesday 3|2 Blitz"]
[Site "Chess.com"]
[Date "2017.05.02"]
[Round "8"]
[White "GrigorGrigorov"]
[Black "Msb2"]
[Result "0-1"]
[WhiteElo "2515"]
[BlackElo "2572"]
[TimeControl "180+2"]
[EndTime "14:49:30 PDT"]
[Termination "Msb2 won by resignation"]

1. d4 Nf6 2. c4 e6 3. Nc3 Bb4 4.
e3 O-O 5. Ne2 c6 6. a3 Ba5 7. c5 d5 8. cxd6 Qxd6 9. b4 Bc7 10.
g3 a5 11. b5 Bd7 12. Bg2 cxb5 13. Bxb7 Ra7 14. Bg2 Bc6 15. e4 Qd7 16. Bg5 Bd8 17.
Be3 Rb7 18. f3 Na6 19. O-O Bb6 20. Bf2 Nc7 21. Nf4 Rd8 22. Nce2 Qe7 23. Nd3 b4 24. axb4 axb4 25. Qc2 Bb5 26. Rfb1 Na6 27. Ne5 Rc7 28. Qb2 h6 29. g4 Nd7 30. Nf4 Nxe5 31. dxe5 Bxf2+ 32. Qxf2 Bc4 33. Rc1 b3 34. Rab1 Nb4 35. Qb6 Nc2 36. Nh5 Qc5+ 37. Qxc5 Rxc5 38. Bf1 Bxf1 39.
Kxf1 Rd2 40. Rxb3 Rxh2 41. Kg1 Rd2 42. Rb8+ Kh7 43. Rb7 Kg6 44. f4 Rc3 45. f5+ exf5 46. exf5+ Kg5 47. e6 fxe6 48. fxe6 Kxg4 49. e7 Re2 50. Nxg7 Kh3 51. e8=Q Rg2+ 52. Kh1 Rh2+ 53. Kg1 Rg3+ 54. Kf1 Rf3+ 55. Kg1 Rg2+ 56. Kh1 Rh2+ 57. Kg1 Rg3+ 58. Kf1 Ne3+ 59. Qxe3 Rxe3 60. Kg1 Rg3+ 61. Kf1 Rh1+ 62. Kf2 Rxc1 63. Nf5 Rg2+ 64. Kf3 Rf1+ 65. Ke4 Rg4+ 66. Ke5 Rg5 67. Rb3+ Kg4 68. Rb4+ Kh3 69. Rb3+ Kh2 70. Rb2+ Kg1 0-1